 Dungeon Crawl Stone Soup version 0.24.0-1-gfbc8707122 (webtiles) character file.

Game seed: 2119142707951447671, levelgen mode: deterministic

10 Curus the Skirmisher (level 2, 0/26 HPs)
             Began as a Hill Orc Abyssal Knight on Oct 28, 2019.
             Was a Follower of Lugonu.
             Succumbed to a goblin's poison
             ... on level 1 of the Dungeon.
             The game lasted 00:02:10 (169 turns).

Curus the Skirmisher (Hill Orc Abyssal Knight)       Turns: 169, Time: 00:02:11

Health: 0/26       AC:  5    Str: 14    XL:     2   Next: 20%
Magic:  4/4        EV: 11    Int: 14    God:    Lugonu [*.....]
Gold:   58         SH:  0    Dex: 10    Spells: 1/1 levels left

rFire    . . .     SeeInvis .   a - +2 hand axe
rCold    . . .     Gourm    .   (no shield)
rNeg     . . .     Faith    .   b - +0 leather armour
rPois    .         Spirit   .   (helmet restricted)
rElec    +         Reflect  .   f - +0 cloak
rCorr    .         Harm     .   (no gloves)
MR       .....                  d - +0 pair of boots
Stlth    +.........             (no amulet)
HPRegen  0.08/turn              (no ring)
MPRegen  0.09/turn              (no ring)

@: lethally poisoned (0 -> -3)
A: horns 1, clever 1, sense surroundings 1, electricity resistance
a: Depart the Abyss, Renounce Religion


You were on level 1 of the Dungeon.
You worshipped Lugonu.
Lugonu was aware of your devotion.
You were not hungry.

You visited 1 branch of the dungeon, and saw 1 of its levels.
You visited the Abyss 1 time.

You collected 58 gold pieces.

Inventory:

Hand Weapons
 a - a +2 hand axe (weapon)
Armour
 b - a +0 leather armour (worn)
 d - a +0 pair of boots (worn)
 f - a +0 cloak (worn)
Comestibles
 c - 2 rations


   Skills:
 - Level 3.6 Fighting
 + Level 3.3 Axes
 - Level 2.1 Armour
 - Level 0.7 Dodging
 + Level 3.1 Invocations


You had one spell level left.
You didn't know any spells.
Your spell library was empty.

Dungeon Overview and Level Annotations

Branches:
Dungeon (1/15)

Altars:


Innate Abilities, Weirdness & Mutations

You have a pair of small horns on your head.
Your mind is acute. (Int +2)
You passively map a small area around you.
You are resistant to electric shocks. (rElec)


Message History

* * * LOW HITPOINT WARNING * * *
You feel sick.
You see here a cloak.
f - a cloak
* * * LOW HITPOINT WARNING * * *
You feel sick.
Things that are here:
a +0 short sword; 14 gold pieces You now have 58 gold pieces (gained 14).
As you read the scroll labeled KOOMONAHES, it crumbles to dust.
It is a scroll of enchant weapon.
Your +1 hand axe glows red for a moment.
You start putting on your armour.
You continue putting on your cloak.
Keep equipping yourself?
* * * LOW HITPOINT WARNING * * *
You feel sick.
You continue putting on your cloak. x3
You finish putting on your +0 cloak.
There is a lethal amount of poison in your body!
You die...

#..####.#.####≈≈.
#.(# #(#.#..#≈..
#))# #..(...#≈..
#(.# ###.#>###'#
###(.# #.#.##†.#
#..(.# #.#......
##....# #........
#..)..# ###..###.
#..@..# #..# #.
#.....# #..# ##
#.....# #..# #
#.....# #..####
#.#.### #.>....
#.#.# ##.#### #.#.#
******#.....
#.#.#****...........
#.#..,,,,.##########


There were no monsters in sight!

Vanquished Creatures
  A dart slug (D:1)
  2 goblins (D:1)
  A bat (D:1)
  A frilled lizard (D:1)
  3 kobolds (D:1)
  2 rats (D:1)
10 creatures vanquished.

Notes
Turn   | Place    | Note
-------+----------+-------------------------------------------
     0 | Abyss:1  | Curus the Hill Orc Abyssal Knight began the quest for the
                  | Orb.
     0 | Abyss:1  | Reached XP level 1. HP: 19/19 MP: 2/2
    32 | D:1      | Escaped the Abyss
    81 | D:1      | Reached XP level 2. HP: 23/26 MP: 4/4
   108 | D:1      | Gained mutation: Your mind is acute. (Int +2) [potion of
                  | mutation]
   108 | D:1      | Gained mutation: You are resistant to electric shocks.
                  | (rElec) [potion of mutation]
   108 | D:1      | Gained mutation: You passively map a small area around you.
                  | [potion of mutation]
   108 | D:1      | Gained mutation: You have a pair of small horns on your
                  | head. [potion of mutation]
   161 | D:1      | HP: 1/26 [poisoned by a goblin]
   169 | D:1      | Succumbed to a goblin's poison

Levels and vault maps discovered:
D:1:      tarquinn_simple_flora_water_c, layout_loops_ring, serial_bayou_pond_d

Skill      XL: |  1  2 |
---------------+-------+-----
Axes           | 3 |  3.3
Invocations    | 3 |  3.1
Fighting       | |  3.6
Armour         | |  2.1
Dodging        | |  0.7

Action                   || total
-------------------------++-------
Melee: Hand axe          ||    25
  Use: Scroll            ||     2
       Potion            ||     1
Armor: Leather armour    ||    13
Dodge: Dodged            ||    11
